 Dungeon Crawl Stone Soup version 0.23.0 (webtiles) character file.

Game seed: 11919830278130201827

10292 Mgcat the Cleaver (level 11, -5/79 HPs)
             Began as a Human Fighter on Feb 11, 2019.
             Was a High Priest of Okawaru.
             Hit by a large rock thrown by a cyclops (26 damage)
             ... on level 11 of the Dungeon.
             The game lasted 00:22:30 (10683 turns).

Mgcat the Cleaver (Human Fighter)                  Turns: 10683, Time: 00:22:31

Health: -5/79      AC: 18    Str: 21    XL:     11   Next: 90%
Magic:  17/17      EV:  6    Int:  8    God:    Okawaru [*****.]
Gold:   652        SH: 10    Dex: 12    Spells: 10/10 levels left

rFire    + . .     SeeInvis .   a - +2 war axe
rCold    . . .     Gourm    .   c - +0 shield
rNeg     . . .     Faith    .   p - +0 plate armour
rPois    +         Spirit   .   k - +0 helmet
rElec    .         Reflect  .   g - +2 cloak {+Inv}
rCorr    .         Harm     .   (no gloves)
MR       .....                  D - +1 pair of boots
Stlth    ..........             (no amulet)
HPRegen  0.23/turn              e - ring of protection from fire {rF+, !d}
MPRegen  0.15/turn              v - ring of poison resistance {rPois, !d}

@: no status effects
A: no striking features
a: Heroism, Finesse, Renounce Religion, Evoke Invisibility


You were on level 11 of the Dungeon.
You worshipped Okawaru.
Okawaru was extremely pleased with you.
You were not hungry.

You visited 2 branches of the dungeon, and saw 12 of its levels.

You collected 652 gold pieces.

Inventory:

Hand Weapons
 a - a +2 war axe (weapon)
 H - a +4 scimitar of flaming
   (You took it off Erica on level 10 of the Dungeon)
Missiles
 y - 3 throwing nets {=f, !d}
Armour
 c - a +0 shield (worn)
 g - a +2 cloak of invisibility (worn)
   (You found it on level 4 of the Dungeon)
 k - a +0 helmet (worn)
   (You took it off Robin on level 2 of the Dungeon)
 p - a +0 plate armour (worn)
   (You took it off an orc warrior on level 9 of the Dungeon)
 D - a +1 pair of boots (worn)
   (You found it on level 7 of the Dungeon)
Jewellery
 e - a ring of protection from fire (left hand) {rF+, !d}
   (You found it on level 9 of the Dungeon)
 o - an uncursed ring of flight {+Fly, !d}
   (You found it on level 4 of the Dungeon)
 v - a ring of poison resistance (right hand) {rPois, !d}
   (You found it on level 6 of the Dungeon)
Wands
 t - a wand of flame (16)
   (You found it on level 7 of the Dungeon)
 C - a wand of iceblast (7)
   (You found it on level 7 of the Dungeon)
 E - a wand of acid (12)
   (You took it off Erica on level 10 of the Dungeon)
 F - a wand of random effects (41)
   (You took it off an orc wizard on level 7 of the Dungeon)
Scrolls
 h - 3 scrolls of remove curse
 n - 8 scrolls of teleportation
 G - 2 scrolls of amnesia
Potions
 d - 5 potions of might
 i - 2 potions of flight {unknown}
 l - 2 potions of agility {unknown}
 m - a potion of haste {unknown}
 r - 6 potions of curing
 s - a potion of lignification {unknown}
 u - 2 potions of brilliance {unknown}
 w - 3 potions of magic {unknown}
 z - a potion of ambrosia {unknown}
 A - a potion of resistance {unknown}
 B - a potion of cancellation {unknown}
Miscellaneous
 x - a box of beasts
Comestibles
 f - 22 rations


   Skills:
 - Level 5.1 Fighting
 + Level 12.5 Axes
 - Level 5.0 Armour
 - Level 5.0 Dodging
 - Level 5.0 Shields
 - Level 5.0 Invocations
 - Level 8.0 Evocations


You had 10 spell levels left.
You didn't know any spells.
Your spell library contained the following spells:

 Spells                   Type           Power        Failure   Level  Hunger
 Corona                   Hex            #......      100%        1    ##.....
 Ensorcelled Hibernation  Hex/Ice        #.....       100%        2    ###....
 Confuse                  Hex            #.......     100%        3    ####...
 Dazzling Spray           Conj/Hex       #.....       100%        3    ####...
 Tukima's Dance           Hex            #.......     100%        3    ####...


Dungeon Overview and Level Annotations

Branches:
Dungeon (11/15)            Temple (1/1) D:6            Lair (0/6) D:9
    Orc: D:9-12

Altars:
Ashenzari
Cheibriados
Dithmenos
Elyvilon
Fedhas
Gozag
Hepliaklqana
Kikubaaqudgha
Makhleb
Nemelex Xobeh
Okawaru
Qazlal
Ru
Sif Muna
Trog
Uskayaw
Vehumet
Wu Jian
Xom
Yredelemnul
Zin
The Shining One

Shops:
D:5 }

Annotations:
D:5 3 runed translucent doors, tidbits's ghost, amateur GnSk
D:10 2 transporters, Folque's ghost, journeyman DrEE


Message History

You closely miss the orc. The orc hits you with a +0 flail.
You take 1 damage, and have 60/79 hp.
You slash the orc!
You kill the orc!
Okawaru accepts your kill.
You hit the orc.
The orc is moderately wounded.
The orc priest calls upon Beogh to heal the orc.
The orc's wounds heal themselves!
You block the orc's attack.
Spoiler Alert: The orc priest can smite you!
Your plate armour prevents you from hitting the orc.
The orc completely misses you.
Your shield and plate armour prevent you from hitting the orc.
The orc barely misses you.
You closely miss the orc. The orc hits you but does no damage.
You completely miss the orc. The orc hits you but does no damage.
Spoiler Alert: The orc priest can smite you!
You slash the orc!
You kill the orc!
Okawaru accepts your kill.
Your plate armour prevents you from hitting the orc priest.
The orc priest hits you with a +0 flail.
You take 1 damage, and have 60/79 hp.
Spoiler Alert: The orc priest can smite you!
You completely miss the orc priest. You closely miss the orc priest.
You block the orc priest's attack.
You hit the orc priest.
The orc priest is heavily wounded.
The orc priest barely misses you.
You slash the orc priest!
You kill the orc priest!
Okawaru accepts your kill. The orc barely misses you.
You closely miss the orc. You block the orc's attack.
You slice the orc!!
You kill the orc!
Okawaru accepts your kill.
No reachable target in view!
No reachable target in view!
No reachable target in view!
No reachable target in view!
There are monsters nearby!
There are monsters nearby!
Unknown command.
Unknown command.
HP restored.
The orc priest shouts!
You hear a shout!
The orc priest looks braver for a moment.
The orc priest is too close now for your liking.
You regained 6 hp, and now have 67/79 hp.
Spoiler Alert: The orc priest can smite you!
There are monsters nearby!
There are monsters nearby!
Items here: ))))))) [[[[[ †††† An orc comes into view.
It is wielding a +0 club.
The orc shouts!
A centaur zombie comes into view.
An orc wizard comes into view. It is wielding a +0 dagger.
Spoiler Alert: The orc priest can smite you!
You closely miss the orc priest.
The orc wizard shouts!
The orc priest hits you but does no damage.
You hit the orc priest.
The orc priest is moderately wounded.
The orc priest invokes the aid of Beogh against you.
Pain shoots through your body!
You take 11 damage, and have 57/79 hp.
Spoiler Alert: The orc priest can smite you!
You are too injured to fight recklessly!
You are too injured to fight recklessly!
You are too injured to fight recklessly!
You are too injured to fight recklessly!
You are too injured to fight recklessly!
You closely miss the orc priest.
The orc priest is moderately wounded.
You block the orc priest's attack.
Spoiler Alert: The orc priest can smite you!
You hit the orc priest.
The orc priest is moderately wounded.
You block the orc priest's attack.
You slash the orc priest!
You kill the orc priest!
Okawaru accepts your kill.
A cyclops comes into view.
The cyclops shouts!
The orc hits you but does no damage.
Things that are here:
a +0 hand axe; a +0 chain mail Spoiler Alert: The cyclops can throw large rocks!
You slash the orc!
You kill the orc!
You see here a +0 club.
The cyclops throws a large rock.
The large rock hits you!!!
* * * LOW HITPOINT WARNING * * *
Things that are here:
a large rock {!d}; a +0 hand axe; a +0 chain mail You take 37 damage, and have 21/79 hp.
MASSIVE DAMAGE!!
Spoiler Alert: The cyclops can throw large rocks!
The cyclops throws a large rock.
The large rock hits you!!
You die...

##########################
..........................
..........................
..#######.#.########.###..
#.#.# #.# ##. #)#.# #.# #.
#.#.# #.# #)
###@#.########)####.
#)(.)...)...........
#Z8≈≈≈≈≈≈≈≈≈≈≈≈≈≈≈≈≈
#.≈8≈≈≈≈≈≈≈≈≈≈≈≈≈≈≈≈
#.≈≈.'##############
#o≈≈.#.. #.≈≈##.C. #.o.o
.... #.≈≈##....


You could see a cyclops, an orc wizard, 2 orcs and a centaur zombie.

Vanquished Creatures
  A hydra (D:11)
  Erica (D:10)
  A two-headed ogre (D:9)
  Pikel (D:7)
  2 cyclopes (D:11)
  2 gargoyles (D:10)
  A komodo dragon (D:9)
  A hornet (D:10)
  3 hippogriffs
  Eustachio (D:5)
  A basilisk (D:11)
  A steam dragon (D:11)
  Duvessa (D:5)
  6 orc warriors
  2 sky beasts
  2 slaves (D:7)
  2 ice beasts
  A necrophage (D:9)
  2 phantoms
  5 ogres
  2 centaurs
  2 big kobolds (D:8)
  4 bullfrogs
  Dowan (D:5)
  2 scorpions
  8 killer bees
  4 howler monkeys
  An electric eel (D:11)
  5 crimson imps
  3 centaur zombies
  3 hounds
  7 jellies
  8 orc priests
  3 bullfrog zombies
  A centaur skeleton (D:4)
  2 bullfrog skeletons
  4 iguanas
  Natasha (thrice) (D:2)
  9 orc wizards
  13 worker ants
  2 killer bee zombies
  2 hound zombies (D:8)
  2 hound skeletons
  A worker ant zombie (D:8)
  Robin (D:2)
  A howler monkey zombie (D:6)
  7 gnolls
  18 adders
  An adder skeleton (D:8)
  6 leopard geckos
  32 orcs
  6 bats
  7 giant cockroaches
  18 goblins
  8 hobgoblins
  13 jackals
  7 quokkas
  3 frilled lizards
  16 kobolds
  6 rats
279 creatures vanquished.

Vanquished Creatures (others)
  A gnoll (D:5)
  A plant (D:9)
  5 toadstools (D:1)
7 creatures vanquished.

Grand Total: 286 creatures vanquished

Notes
Turn   | Place    | Note
-------+----------+-------------------------------------------
     0 | D:1      | Mgcat the Human Fighter began the quest for the Orb.
     0 | D:1      | Reached XP level 1. HP: 18/18 MP: 1/1
   133 | D:1      | Reached XP level 2. HP: 24/24 MP: 2/2
   399 | D:1      | Reached XP level 3. HP: 29/29 MP: 3/3
   448 | D:1      | Reached skill level 1 in Dodging
   837 | D:2      | Found a stormy altar of Qazlal.
   837 | D:2      | Found a blossoming altar of Fedhas.
   976 | D:2      | Noticed Natasha
  1132 | D:2      | Killed Natasha
  1132 | D:2      | Reached XP level 4. HP: 23/35 MP: 4/4
  1340 | D:2      | Noticed Robin
  1352 | D:2      | Reached XP level 5. HP: 27/41 MP: 5/5
  1360 | D:2      | Killed Robin
  1683 | D:2      | Noticed Natasha
  1697 | D:2      | Killed Natasha
  1697 | D:2      | Reached skill level 3 in Axes
  1782 | D:2      | Reached skill level 2 in Dodging
  1815 | D:2      | Found a white marble altar of Elyvilon.
  2109 | D:2      | Noticed Natasha
  2122 | D:2      | Killed Natasha
  2122 | D:2      | Reached XP level 6. HP: 39/48 MP: 6/6
  2212 | D:3      | Noticed an orc warrior
  2252 | D:4      | Reached skill level 4 in Armour
  2429 | D:4      | Reached skill level 4 in Fighting
  2508 | D:4      | Found an ornate altar of the Wu Jian Council.
  2608 | D:4      | Reached skill level 4 in Shields
  2673 | D:4      | Found a radiant altar of Vehumet.
  2797 | D:4      | Found a glowing golden altar of the Shining One.
  2815 | D:4      | Reached XP level 7. HP: 54/54 MP: 7/7
  3124 | D:5      | Entered Level 5 of the Dungeon
  3125 | D:5      | Reached skill level 1 in Evocations
  3195 | D:5      | Noticed Duvessa
  3199 | D:5      | Noticed Dowan
  3200 | D:5      | Found Biumun's Gadget Shoppe.
  3205 | D:5      | HP: 13/54 [poisoned by Duvessa]
  3485 | D:5      | Reached skill level 3 in Dodging
  3708 | D:5      | Killed Duvessa
  3708 | D:5      | Reached XP level 8. HP: 61/61 MP: 9/9
  3833 | D:5      | Found a runed translucent gate.
  3833 | D:5      | Found a runed translucent gate.
  3833 | D:5      | Found a runed translucent gate.
  3834 | D:5      | Noticed tidbits's ghost (amateur GnSk)
  3838 | D:5      | Reached skill level 4 in Axes
  3838 | D:5      | Reached skill level 2 in Evocations
  3846 | D:5      | Killed Dowan
  4030 | D:5      | Reached skill level 5 in Armour
  4201 | D:5      | Noticed Eustachio
  4209 | D:5      | Reached skill level 5 in Shields
  4212 | D:5      | Killed Eustachio
  4212 | D:5      | Reached skill level 5 in Fighting
  4212 | D:5      | Reached skill level 4 in Dodging
  4212 | D:5      | Reached skill level 3 in Evocations
  4373 | D:6      | Reached skill level 5 in Axes
  4373 | D:6      | Reached XP level 9. HP: 66/68 MP: 11/11
  4788 | D:6      | Found a staircase to the Ecumenical Temple.
  4795 | Temple   | Entered the Ecumenical Temple
  4890 | Temple   | Became a worshipper of Warmaster Okawaru
  5038 | D:6      | Reached skill level 4 in Evocations
  5135 | D:7      | Reached skill level 5 in Dodging
  5135 | D:7      | Reached skill level 1 in Invocations
  5195 | D:7      | Found an opulent altar of Gozag.
  5223 | D:7      | Noticed Pikel
  5245 | D:7      | Killed Pikel
  5245 | D:7      | Reached * piety under Okawaru
  5245 | D:7      | Reached skill level 6 in Axes
  5245 | D:7      | Reached skill level 3 in Invocations
  5537 | D:7      | Reached skill level 5 in Evocations
  5541 | D:7      | Noticed a hippogriff
  5545 | D:7      | Killed a hippogriff
  5860 | D:7      | Reached skill level 4 in Invocations
  5865 | D:7      | Reached ** piety under Okawaru
  5954 | D:8      | Reached XP level 10. HP: 40/74 MP: 14/14
  6324 | D:8      | Reached skill level 7 in Axes
  6324 | D:8      | Reached skill level 6 in Evocations
  6332 | D:8      | Reached skill level 5 in Invocations
  6545 | D:8      | Found a glowing silver altar of Zin.
  6581 | D:8      | Found an ancient bone altar of Kikubaaqudgha.
  6702 | D:8      | Found a sparkling altar of Nemelex Xobeh.
  6807 | D:8      | Reached *** piety under Okawaru
  6807 | D:8      | Reached skill level 7 in Evocations
  6874 | D:8      | HP: 9/74 [ogre/+0 giant club (20)]
  7199 | D:8      | Reached skill level 8 in Axes
  7369 | D:9      | Noticed a two-headed ogre
  7383 | D:9      | Killed a two-headed ogre
  7832 | D:9      | Reached skill level 8 in Evocations
  7897 | D:9      | Reached skill level 9 in Axes
  8281 | D:9      | Found a staircase to the Lair.
  8282 | D:9      | Noticed a komodo dragon
  8302 | D:9      | Killed a komodo dragon
  8302 | D:9      | Reached **** piety under Okawaru
  8302 | D:9      | Reached XP level 11. HP: 59/79 MP: 15/17
  8453 | D:9      | Found a sacrificial altar of Ru.
  8456 | D:9      | Found a hazy altar of Hepliaklqana.
  8459 | D:9      | Found a hide-covered altar of Uskayaw.
  8530 | D:10     | Entered Level 10 of the Dungeon
  8538 | D:10     | Reached skill level 10 in Axes
  8547 | D:10     | Noticed Erica
  8745 | D:10     | Killed Erica
  8759 | D:10     | Reached skill level 11 in Axes
  9212 | D:10     | Found a transporter.
  9221 | D:10     | Noticed Folque's ghost (journeyman DrEE)
  9222 | D:10     | Noticed a fire dragon
  9478 | D:10     | Found a transporter.
  9791 | D:11     | Noticed a cyclops
  9801 | D:11     | Killed a cyclops
 10051 | D:11     | Noticed a cyclops
 10066 | D:11     | HP: 17/79 [cyclops (12)]
 10067 | D:11     | Killed a cyclops
 10097 | D:11     | HP: 13/79 [basilisk (8)]
 10102 | D:11     | HP: 12/79 [phantom (2)]
 10103 | D:11     | Reached skill level 12 in Axes
 10105 | D:11     | Reached ***** piety under Okawaru
 10408 | D:11     | Noticed a five-headed hydra
 10412 | D:11     | Killed a five-headed hydra
 10679 | D:11     | Noticed a cyclops
 10683 | D:11     | Hit by a large rock thrown by a cyclops

Skill      XL: |  1  2  3  4  5  6  7  8  9 10 11 |
---------------+----------------------------------+-----
Dodging        | 1 2 3 4 5 |  5.0
Axes           | 3 5 6 9 12 | 12.5
Armour         | 4 5 |  5.0
Fighting       | 4 5 |  5.1
Shields        | 4 5 |  5.0
Evocations     | 1 3 5 8 |  8.0
Invocations    | 4 5 |  5.0

Action                   |  1- 3 |  4- 6 |  7- 9 | 10-12 || total
-------------------------+-------+-------+-------+-------++-------
Melee: War axe           |    38 |   153 |   283 |   475 ||   949
       Dagger            |    77 |       |       |       ||    77
 Abil: Evoke Invisibilit |       |       |       |     1 ||     1
Evoke: Wand              |       |       |     3 |    12 ||    15
  Use: Scroll            |       |     8 |     2 |     7 ||    17
       Potion            |       |       |     3 |     4 ||     7
 Stab: Invisible         |       |       |       |     2 ||     2
  Eat: Chunk             |     1 |     6 |    10 |    13 ||    30
       Ration            |       |       |       |     1 ||     1
Armor: Scale mail        |    42 |    85 |   171 |    28 ||   326
       Chain mail        |       |       |       |    50 ||    50
       Plate armour      |       |       |       |   124 ||   124
Dodge: Dodged            |    26 |    55 |   149 |   116 ||   346
Block: Shield            |    46 |    95 |   190 |   215 ||   546

Levels and vault maps discovered:
D:1:      ldierk_walled_garden, layout_basic, minmay_pentomino_q4
D:2:      layout_basic, grunt_temple_overflow_forces_of_nature,
          lemuel_doored_altar, first_ration, uniq_natasha, uniq_robin
D:3:      minmay_door_path, layout_basic, gammafunk_ghost_cemetery
D:4:      layout_loops_ring, overflow_temple_1_default,
          nicolae_tso_carved_into_rock, vehumet_crystals, minmay_diced_spiral
D:5:      layout_rooms, serial_shops, nicolae_shop_behind_doors,
          ebering_ghost_rock_garden, uniq_duvessa, uniq_eustachio
D:6:      layout_basic, minmay_temple_entry_junction
D:7:      layout_basic, grunt_gozag_breadcrumbs, chequers_serial_rivers_micro_b,
          uniq_pikel
D:8:      layout_basic, kennysheep_little_box, gammafunk_temple_overflow_pools
D:9:      layout_stronghold, grunt_temple_overflow_diamond, david_lair_shrubbed
D:10:     layout_loops_ring, gammafunk_ghost_arena, uniq_erica
D:11:     layout_long_grid, erik_orc_2
Temple:   compressed_dpeg_triangle_lava_temple

Table legend:
 A = Turns spent in this place as a percentage of turns spent in the entire game.
 B = Non-inter-level travel turns spent in this place as a percentage of non-inter-level travel turns spent in the entire game.
 C = Inter-level travel turns spent in this place as a percentage of turns spent in this place.
 D = Turns resting spent in this place as a percentage of non-inter-level travel turns spent in this place.
 E = Turns spent auto-exploring this place as a percentage of non-inter-level travel turns spent in this place.
 F = Non-inter-level travel turns spent in this place divided by the number of levels of this place that you've seen.
                   A       B       C       D       E      F
               +-------+-------+-------+-------+-------+----------------------
         Total | 100.0 | 100.0 |   4.0 |  24.4 |  56.2 | 854.2
       Dungeon |  98.9 |  99.1 |   3.9 |  24.6 |  55.9 | 923.1
        Temple |   1.1 |   0.9 |  15.7 |   0.0 |  82.5 |  97.0
               +-------+-------+-------+-------+-------+----------------------

Table legend:
 A = Kills in this place as a percentage of kills in entire the game.
 B = Kills by you in this place as a percentage of kills by you in the entire game.
 C = Kills by friends in this place as a percentage of kills by friends in the entire game.
 D = Other kills in this place as a percentage of other kills in the entire game.
 E = Experience gained in this place as a percentage of experience gained in the entire game.
 F = Experience gained in this place divided by the number of levels of this place that you have seen.
                   A       B       C       D       E      F
               +-------+-------+-------+-------+-------+----------------------
         Total | 100.0 | 100.0 |   N/A | 100.0 | 100.0 | 1225.3
       Dungeon |  99.3 |  99.3 |   N/A | 100.0 |  99.8 | 1333.5
        Temple |   0.7 |   0.7 |   N/A |   0.0 |   0.2 |  36.0
               +-------+-------+-------+-------+-------+----------------------
